 Dungeon Crawl Stone Soup version 0.30.1-4-g462c640d31 (webtiles) character file.

Game seed: 7996250873289459788

149 Peloso the Slasher (level 5, -4/47 HPs)
             Began as a Minotaur Fighter on Aug 18, 2023.
             Killed from afar by Grinder (6 damage)
             ... with a bolt of dispelling energy
             ... on level 3 of the Dungeon.
             The game lasted 00:02:58 (1533 turns).

Peloso the Slasher (Minotaur Fighter)               Turns: 1533, Time: 00:02:58

Health: -4/47      AC:  7    Str: 21    XL:     5   Next: 9%
Magic:  4/4        EV:  9    Int:  5    God:
Gold:   198        SH:  5    Dex: 17    Spells: 4/4 levels left

rFire   . . .        a - +0 long sword
rCold   . . .        d - +0 buckler
rNeg    . . .        b - +0 scale mail
rPois   .            (helmet restricted)
rElec   .            (no cloak)
rCorr   .            (no gloves)
SInv    .            (no boots)
Will    +....        (no amulet) Stlth
                     j - +6 ring of dexterity
HPRegen 0.27/turn    l - ring of willpower
MPRegen 0.09/turn

%: no passive effects
@: no status effects
A: horns 2, retaliatory headbutt
a: no special abilities


You were on level 3 of the Dungeon.
You visited 1 branch of the dungeon, and saw 3 of its levels.

You collected 198 gold pieces.

Inventory:

Hand Weapons
 a - a +0 long sword (weapon)
 c - a +2 dagger of electrocution
Armour
 b - a +0 scale mail (worn)
 d - a +0 buckler (worn)
Jewellery
 j - a +6 ring of dexterity (left hand)
 k - a ring of flight
 l - a ring of willpower (right hand)
Wands
 o - a wand of polymorph (7)
Scrolls
 f - a scroll of teleportation
 p - a scroll of enchant armour {unknown}
Potions
 e - 3 potions of curing
 g - a potion of might
 h - 2 potions of degeneration {unknown}
 i - a potion of attraction
 m - a potion of invisibility {unknown}
 n - a potion of brilliance {unknown}
 q - a potion of mutation {unknown}


   Skills:
 + Level 4.3 Fighting
 + Level 4.7 Long Blades
 + Level 4.5 Armour
 + Level 0.7 Dodging
 + Level 4.1 Shields


You had 4 spell levels left.
You didn't know any spells.
Your spell library contained the following spells:

 Spells                   Type           Power      Damage    Failure   Level
 Cigotuvi's Dreadful Rot  Necr/Pois/Air  0%         N/A       95%         2
 Ignite Poison            Fire/Tmut/Pois 0%         N/A       99%         3
 Freezing Cloud           Conj/Ice/Air   0%         6-21      100%        5


Dungeon Overview and Level Annotations

Branches:
Dungeon (3/15)

Altars:
Xom

Annotations:
D:3 Grinder


Innate Abilities, Weirdness & Mutations

You have a pair of horns on your head.
You reflexively headbutt those who attack you in melee.


Message History

You hit the goblin.
You kill the goblin!
You see here a +0 club.
You see here a +0 club.
There is a stone staircase leading down here.
h - 2 sapphire potions (gained 1)
Found a stone staircase leading up.
You now have 191 gold pieces (gained 12).
A hobgoblin comes into view.
The hobgoblin shouts!
A hobgoblin is nearby!
A hobgoblin is nearby!
A hobgoblin is nearby!
You block the hobgoblin's attack.
You hit the hobgoblin. Your headbutt misses the hobgoblin.
The hobgoblin is severely wounded.
The hobgoblin hits you but does no damage.
You hit the hobgoblin but do no damage. You headbutt the hobgoblin.
You kill the hobgoblin!
You see here a hobgoblin corpse.
Found an escape hatch in the ceiling.
Found a stone staircase leading down.
You now have 198 gold pieces (gained 7).
q - a viscous yellow potion Grinder comes into view.
She is carrying a wand of quicksilver (10).
Grinder shouts!
Grinder zaps a wand.
The bolt of dispelling energy hits you!!
A giant cockroach comes into view.
There are monsters nearby!
There are monsters nearby!
Grinder zaps a wand.
The bolt of dispelling energy hits you!!
* * * LOW HITPOINT WARNING * * *
Grinder hits you.
* * * LOW HITPOINT WARNING * * *
You writhe in agony.
* * * LOW HITPOINT WARNING * * *
Grinder zaps a wand.
The bolt of dispelling energy hits you.
You die...

.....###.#
.###.###
.#.....#
#.#.#.# #.#.#.#
# ..#.# #
#####.# .#
#.....# ###.##
#.##### ###
#@5B.# #.# ..#
#.####
#.#########.#
#.#
#.........#.#
#.#
#########.#.#
#.#
..........###.#
#######.......#
#########


You could see Grinder and a giant cockroach.

Vanquished Creatures
  2 adders (D:2)
  7 gnolls (D:2)
  A dart slug (D:2)
  4 bats
  5 endoplasms
  3 giant cockroaches
  6 goblins
  8 hobgoblins
  3 jackals (D:2)
  3 kobolds
  3 quokkas (D:1)
  4 ball pythons
  2 frilled lizards (D:1)
  8 rats
59 creatures vanquished.

Notes
Turn   | Place    | Note
-------+----------+-------------------------------------------
     0 | D:1      | Peloso the Minotaur Fighter began the quest for the Orb.
     0 | D:1      | Reached XP level 1. HP: 19/19 MP: 0/0
   142 | D:1      | Reached XP level 2. HP: 22/27 MP: 1/1
   323 | D:1      | Reached XP level 3. HP: 33/33 MP: 2/2
   884 | D:2      | Reached XP level 4. HP: 29/40 MP: 3/3
  1174 | D:2      | Reached XP level 5. HP: 41/47 MP: 4/4
  1309 | D:2      | Found a shimmering altar of Xom.
  1528 | D:3      | Noticed Grinder
  1532 | D:3      | HP: 1/47 [Grinder (3)]
  1533 | D:3      | Killed from afar by Grinder

Illustrated notes

Levels and vault maps discovered:
D:1:      lightli_arrival_boilingwater, layout_rooms, minmay_heptomino_d4
D:2:      layout_basic, basic_altar
D:3:      minmay_general_purpose_star, layout_basic,
          chequers_serial_rivers_small_3, uniq_ijyb, uniq_grinder

Skill      XL: |  1  2  3  4 |
---------------+-------------+-----
Long Blades    | 3 4 |  4.7
Armour         | 4 |  4.5
Fighting       | 4 |  4.3
Shields        | 4 |  4.1
Dodging        | |  0.7

Action                     |  1- 3 |  4- 6 || total
---------------------------+-------+-------++-------
  Melee: Long sword        |    61 |    44 ||   105
         Headbutt          |    10 |     9 ||    19
    Use: Scroll            |     6 |       ||     6
 Armour: Scale mail        |    61 |    16 ||    77
  Dodge: Dodged            |    48 |    17 ||    65
  Block: Buckler           |    23 |    13 ||    36
